 Dungeon Crawl Stone Soup version 0.21.1-1-g345015f (console) character file.

474 fly the Reanimator (level 6, 0/53 HPs)
             Began as a Deep Dwarf Necromancer on May 12, 2018.
             Was an Initiate of Makhleb.
             Succumbed to p0werm0de's ghost's poison
             ... on level 4 of the Dungeon.
             The game lasted 00:10:07 (3895 turns).

fly the Reanimator (Deep Dwarf Necromancer)         Turns: 3895, Time: 00:10:08

Health: 0/53       AC:  3    Str: 16    XL:     6   Next: 84%
Magic:  10/10      EV: 12    Int: 18    God:    Makhleb [......]
Gold:   208        SH:  0    Dex: 13    Spells: 2/11 levels left

rFire    . . .     SeeInvis .   a - +0 halberd
rCold    . . .     Gourm    .   (shield currently unavailable)
rNeg     . . .     Faith    .   y - +0 robe
rPois    .         Spirit   .   (no helmet)
rElec    .         Reflect  .   (no cloak)
rCorr    .         Harm     .   r - +0 pair of gloves (curse)
MR       .....     Rnd*Rage +   (no boots)
Stlth    ++........             (no amulet)
HPRegen  0.00/turn              (no ring)
MPRegen  0.12/turn              (no ring)

@: mighty, lethally poisoned (0 -> -32), non-regenerating
A: damage resistance, heal wounds, berserk 1, sense surroundings 1, robust 1, no
regeneration
a: Heal Wounds, Renounce Religion


You were on level 4 of the Dungeon.
You worshipped Makhleb.
Makhleb was noncommittal.
You were not hungry.

You visited 2 branches of the dungeon, and saw 5 of its levels.

You collected 208 gold pieces.

Inventory:

Hand Weapons
 a - a +0 halberd (weapon)
Armour
 r - a cursed +0 pair of gloves (worn)
 y - a +0 robe (worn)
Wands
 o - a wand of iceblast (8)
Scrolls
 d - a scroll of teleportation
 f - 2 scrolls of amnesia {unknown}
 h - a scroll of remove curse
 k - 4 scrolls of magic mapping {unknown}
 l - 2 scrolls of identify {unknown}
Potions
 g - a potion of mutation
 n - a potion of haste {unknown}
Books
 b - a book of Necromancy

   Spells                             Type                      Level
   a - Pain                           Necromancy                   1
   b - Animate Skeleton               Necromancy                   1
   c - Vampiric Draining              Necromancy                   3
   d - Regeneration                   Charms/Necromancy            3
   e - Animate Dead                   Necromancy                   4
   f - Borgnjor's Vile Clutch         Necromancy/Earth             5
Comestibles
 c - 5 rations
 p - 5 chunks of flesh


   Skills:
 - Level 2.1 Dodging
 - Level 2.4 Stealth
 - Level 3.0 Spellcasting
 + Level 8.5 Necromancy


You had 2 spell levels left.
You knew the following spells:

 Your Spells              Type           Power        Failure   Level  Hunger
c - Borgnjor's Vile Clut  Necr/Erth      ###.......   61%         5    ######.
v - Vampiric Draining     Necr           ####......   1%          3    ###....
z - Pain                  Necr           ####         1%          1    None


Dungeon Overview and Level Annotations

Branches:
Dungeon (4/15)             Temple (1/1) D:4

Altars:
Ashenzari
Dithmenos
Elyvilon
Gozag
Makhleb
Nemelex Xobeh
Okawaru
Qazlal
Sif Muna
Trog
Vehumet
Wu Jian
Xom
Yredelemnul
Zin
The Shining One

Annotations:
D:4 p0werm0de's ghost, amateur TeWn


Innate Abilities, Weirdness & Mutations

You are resistant to damage.
You can heal yourself by infusing magical energy.
You passively map a small area around you.
You do not regenerate.
You tend to lose your temper in combat.
You are robust. (+10% HP)


Message History

P0werm0de's ghost hits you.
You are more poisoned.
You puncture p0werm0de's ghost!
P0werm0de's ghost is almost destroyed.
* * * LOW HITPOINT WARNING * * *
You feel very sick.
P0werm0de's ghost hits you but does no damage.
You are more poisoned.
It was a potion of cancellation.
Your magical effects are unravelling.
You feel magically purged.
You feel less wooden.
Your cursed +0 pair of gloves unmelds from your body.
Your +0 robe unmelds from your body.
* * * LOW HITPOINT WARNING * * *
You feel very sick. P0werm0de's ghost barely misses you.
It was a potion of might.
You feel very mighty all of a sudden.
You die...

#....#....... *
#########+######
#............#
###.#####......#
#...#..........#
#...#.#####'######
#.#####.[.#,
#..........
..........#
###..######
######@..# #..#.....
#W#.####'####.####
#.#.#.......#.#
#.#.#.......#'###
#.###...>...#...#
#.#.#.......#...#
#.#.#.......#...#
#####.#.####'####...#
#.....#.#...........#


You could see p0werm0de's ghost.

Vanquished Creatures
  3 ogres
  Blork the orc (D:4)
  An iguana (D:4)
  A gnoll (D:1)
  5 adders
  An ooze (D:1)
  3 worms
  2 dart slugs
  3 leopard geckos
  An orc (D:3)
  A ball python (D:3)
  7 bats
  7 giant cockroaches
  7 goblins
  6 hobgoblins
  2 jackals (D:1)
  5 kobolds
  A quokka (D:4)
  5 frilled lizards
  8 rats
70 creatures vanquished.

Notes
Turn   | Place    | Note
-------+----------+-------------------------------------------
     0 | D:1      | fly the Deep Dwarf Necromancer began the quest for the Orb.
     0 | D:1      | Reached XP level 1. HP: 15/15 MP: 3/3
   213 | D:1      | Reached XP level 2. HP: 22/22 MP: 3/5
   339 | D:1      | Found a shattered altar of Ashenzari.
   643 | D:1      | Reached XP level 3. HP: 28/28 MP: 1/7
   809 | D:1      | Learned a level 3 spell: Vampiric Draining
   858 | D:2      | Found a bloodstained altar of Trog.
   950 | D:2      | Reached skill level 5 in Necromancy
  1114 | D:2      | Found a radiant altar of Vehumet.
  1478 | D:3      | Reached XP level 4. HP: 19/36 MP: 3/8
  1642 | D:3      | Found an ornate altar of the Wu Jian Council.
  1993 | D:2      | Found a basalt altar of Yredelemnul.
  2228 | D:3      | Found a sparkling altar of Nemelex Xobeh.
  2364 | D:3      | Noticed an ogre
  2486 | D:3      | Killed an ogre
  2486 | D:3      | Reached skill level 6 in Necromancy
  2486 | D:3      | Reached XP level 5. HP: 7/42 MP: 0/9
  2592 | D:3      | Found a stormy altar of Qazlal.
  2594 | D:3      | Noticed a fire elemental
  2595 | D:3      | Noticed an air elemental
  2595 | D:3      | Noticed a water elemental
  2726 | D:3      | Found a glowing golden altar of the Shining One.
  2864 | D:4      | Noticed p0werm0de's ghost (amateur TeWn)
  2961 | D:4      | Reached skill level 7 in Necromancy
  3075 | D:4      | Noticed an ogre
  3102 | D:4      | Found a staircase to the Ecumenical Temple.
  3108 | Temple   | Entered the Ecumenical Temple
  3197 | Temple   | Became a worshipper of Makhleb the Destroyer
  3250 | D:4      | Learned a level 5 spell: Borgnjor's Vile Clutch
  3313 | D:4      | Noticed an ogre
  3355 | D:4      | Killed an ogre
  3355 | D:4      | Reached XP level 6. HP: 21/49 MP: 3/10
  3715 | D:4      | Reached skill level 8 in Necromancy
  3802 | D:4      | Noticed Blork the orc
  3808 | D:4      | Killed Blork the orc
  3884 | D:4      | Gained mutation: You tend to lose your temper in combat. [potion of mutation]
  3884 | D:4      | Gained mutation: You are robust. (+10% HP) [potion of mutation]
  3895 | D:4      | Succumbed to p0werm0de's ghost's poison

Skill      XL: |  1  2  3  4  5  6 |
---------------+-------------------+-----
Spellcasting   | 2 3 |  3.0
Necromancy     | 5 6 7 8 |  8.5
Dodging        | |  2.1
Stealth        | |  2.4

Action                   |  1- 3 |  4- 6 || total
-------------------------+-------+-------++-------
Melee: Unarmed           |    27 |    25 ||    52
       Halberd           |       |    15 ||    15
 Cast: Pain              |    51 |    35 ||    86
       Vampiric Draining |     6 |    31 ||    37
  Use: Scroll            |       |     2 ||     2
       Potion            |       |     5 ||     5
 Stab: Sleeping          |     4 |     2 ||     6
       Distracted        |     1 |       ||     1
  Eat: Chunk             |     3 |     7 ||    10
       Ration            |       |     1 ||     1
Armor: Robe              |     6 |     5 ||    11
       Skin              |       |     1 ||     1
Dodge: Dodged            |    20 |    49 ||    69
